AoeStats
← JOÃOZINHO/DO ARÁBIA

Arabia

505683893Analyzed
1v1 RM · 21d ago on Sep 10, 2026· 21m 17s· 2 players
Game mode
Random Map
Map size
Tiny (2 player)
Population
200
Speed
Normal
Resources
Standard
Victory
Conquest
Starting age
Dark Age
Ending age
Imperial Age
RankedLock teamsTeams togetherTeam positionsShared explorationLock speedFull tech treeHidden civsTurbo modeCheats
Victory
Defeat
981
+17
🇨🇳 Huns · China
999
-17
JOÃOZINHO/DO ARÁBIA
5:10 Loom
10:41 Feudal Age
13:04 Fletching
13:14 Padded Archer Armor
20:55 Castle Age
21:03 Crossbowman
21:45 Bodkin Arrow
majk1145141919810
7:08 Loom
12:15 Feudal Age
16:37 Town Watch
19:32 Castle Age
Connection lost

Rejoining the realm…

Still unreachable

The connection could not be restored.

Session expired

The server has moved on; the page needs a fresh start.